 Dungeon Crawl Stone Soup version 0.25-a0-781-gc44aebf4fe (webtiles) character file.

Game seed: 380984468595297866, levelgen mode: deterministic

230864 Zir the Scorcher (level 19, -7/116 HPs)
             Began as a Gargoyle Earth Elementalist on Apr 15, 2020.
             Was the Champion of Vehumet.
             Mangled by a salamander
             ... wielding a +0 trident
              (9 damage)
             ... on level 4 of the Snake Pit.
             The game lasted 01:59:14 (35480 turns).

Zir the Scorcher (Gargoyle Earth Elementalist)     Turns: 35480, Time: 01:59:15

Health: -7/116     AC: 39    Str: 20    XL:     19   Next: 49%
Magic:  26/34      EV: 20    Int: 27    God:    Vehumet [******]
Gold:   1822       SH:  0    Dex: 18    Spells: 8/41 levels left

rFire    . . .     SeeInvis .   q - +7 pair of quick blades "Gyre" and "Gimble" {protect}
rCold    . . .     Gourm    .   (shield currently unavailable)
rNeg     + . .     Faith    .   B - +3 steam dragon scales
rPois    ∞         Spirit   .   Q - +1 helmet of Satisfaction {+Inv Int+2 Stlth-}
rElec    +         Reflect  .   f - +1 cloak of Impermeability {Str+2 Stlth+}
rCorr    .         Harm     .   I - +0 pair of gloves {Dex+3}
MR       +....     Clarity  +   h - +0 pair of boots {Fly}
Stlth    +++.......             a - amulet of Brawling {*Corrode +Fly rPois Regen+ Str+7}
HPRegen  0.69/turn              P - ring of Robustness {AC+8}
MPRegen  0.24/turn              V - ring of Leaves {rPois AC+5 Dex+3 Slay+2}

@: corroded, flying, very slightly contaminated
A: big wings, thin skeletal structure 1, clarity, negative energy resistance 1,
electricity resistance, unbreathing, petrification resistance, rot immunity, AC
+14
}: 1/15 runes: decaying
a: Stop Flying, Renounce Religion, Evoke Invisibility


You were on level 4 of the Snake Pit.
You worshipped Vehumet.
Vehumet was exalted by your worship.
You were not hungry.

You visited 5 branches of the dungeon, and saw 31 of its levels.
You also visited: Trove, Gauntlet and Volcano.

You collected 3715 gold pieces.
You spent 1893 gold pieces at shops.

Inventory:

Hand Weapons
 q - the +7 pair of quick blades "Gyre" and "Gimble" (weapon) {protect}
   (You found it on level 14 of the Dungeon)

   It grants its wielder temporary protection when it strikes (+7 to AC).
 u - the +4 short sword of the Land of Plenty {holy, rF+ rC+}
   (You found it on level 2 of the Swamp)

   It has been blessed by the Shining One to cause great damage to the undead
   and demons.
   It protects you from fire.
   It protects you from cold.
 R - a +3 eveningstar
Missiles
 b - 830 stones (quivered)
 i - a throwing net
 U - 2 boomerangs of dispersal
Armour
 f - the +1 cloak of Impermeability (worn) {Str+2 Stlth+}
   (You found it on level 14 of the Dungeon)

   It affects your strength (+2).
   It makes you more stealthy.
 h - a +0 pair of boots of flying (worn)
 B - +3 steam dragon scales (worn)
 I - a +0 pair of gloves of dexterity (worn)
 K - a +2 robe of cold resistance
 Q - the +1 helmet of Satisfaction (worn) {+Inv Int+2 Stlth-}
   (You found it in a Gauntlet)

   It affects your intelligence (+2).
   It lets you turn invisible.
   It makes you less stealthy.
 S - the +0 helmet of Muttered Phrases {rF+}
   (You found it in a Gauntlet)

   It protects you from fire.
Jewellery
 a - the amulet of Brawling (around neck) {*Corrode +Fly rPois Regen+ Str+7}
   (You found it on level 3 of the Lair of Beasts)

   [amulet of regeneration]

   It affects your strength (+7).
   It protects you from poison.
   It lets you fly.
   It increases your rate of regeneration.
   It may corrode you when you take damage.
 j - an uncursed ring of see invisible
 t - an uncursed ring of protection from cold
 J - an uncursed ring of ice
 P - the ring of Robustness (left hand) {AC+8}
   (You bought it in a shop on level 12 of the Dungeon)

   [ring of protection]

   It affects your AC (+8).
 V - the ring of Leaves (right hand) {rPois AC+5 Dex+3 Slay+2}
   (You took it off a minotaur in a Gauntlet)

   [ring of protection]

   It affects your AC (+5).
   It affects your dexterity (+3).
   It affects your accuracy and damage with ranged weapons and melee attacks
   (+2).
   It protects you from poison.
Wands
 l - a wand of enslavement (25)
 x - a wand of iceblast (11)
 N - a wand of paralysis (43)
 Y - a wand of acid (2)
 Z - a wand of flame (22)
Scrolls
 e - 16 scrolls of remove curse
 n - 7 scrolls of teleportation
 o - a scroll of immolation
 p - 5 scrolls of fog
 r - 4 scrolls of magic mapping
 v - 8 scrolls of amnesia
 w - 9 scrolls of identify
 C - 3 scrolls of enchant weapon
 M - 4 scrolls of blinking
 O - a scroll of fear
Potions
 c - a potion of brilliance
 k - 5 potions of stabbing
 m - 5 potions of ambrosia
 s - 2 potions of magic
 z - 2 potions of invisibility
 A - a potion of mutation
 E - 3 potions of heal wounds
 F - 8 potions of curing
 G - 2 potions of might
 H - 4 potions of cancellation
 T - a potion of resistance
Miscellaneous
 g - a phial of floods
 y - a box of beasts
 X - a lightning rod (4/4)
Comestibles
 d - 60 rations


   Skills:
 + Level 12.1 Fighting
 - Level 8.0 Short Blades
 + Level 11.3 Maces & Flails
 - Level 6.0 Armour
 + Level 9.9 Dodging
 - Level 2.1 Stealth
 + Level 11.8 Spellcasting
 + Level 13.3 Conjurations
   Level 0.7 Transmutations
 * Level 15.5 Fire Magic
 + Level 14.9 Earth Magic
 - Level 6.0 Evocations


You had 8 spell levels left.
You knew the following spells:

 Your Spells              Type           Power        Failure   Level  Hunger
a - Sandblast             Erth           ######       0%          1    None
b - Stone Arrow           Conj/Erth      ######       1%          3    None
c - Lee's Rapid Deconstr  Erth           #######...   1%          5    ###....
d - Iron Shot             Conj/Erth      #######...   1%          6    #####..
e - Bolt of Magma         Conj/Fire/Erth #######...   1%          5    ###....
f - Borgnjor's Vile Clut  Necr/Erth      ######....   4%          5    ###....
g - Ignition              Fire           #######...   11%         8    #######

Your spell library contained the following spells:

 Spells                   Type           Power        Failure   Level  Hunger
 Lehudib's Crystal Spear  Conj/Erth      #######...   17%         8    #######
 Absolute Zero            Ice            ###.......   100%        9    #######
 Tornado                  Air            ###.......   100%        9    #######
 Foxfire                  Conj/Fire      ####         0%          1    None
 Magic Dart               Conj           ####         0%          1    None
 Searing Ray              Conj           ######       0%          2    None
 Shock                    Conj/Air       ####         1%          1    None
 Passwall                 Tmut/Erth      ######..     1%          2    None
 Conjure Flame            Conj/Fire      #######.     1%          3    None
 Dazzling Flash           Conj/Hex       ######       1%          3    None
 Ignite Poison            Fire/Tmut/Pois #####...     1%          3    None
 Inner Flame              Hex/Fire       ######..     1%          3    None
 Mephitic Cloud           Conj/Pois/Air  #####...     1%          3    None
 Static Discharge         Conj/Air       ######..     1%          3    None
 Fulminant Prism          Conj/Hex       ######....   1%          4    None
 Iskenderun's Mystic Bla  Conj/Tloc      ######..     1%          4    None
 Leda's Liquefaction      Hex/Erth       ######....   1%          4    None
 Petrify                  Tmut/Erth      ######..     1%          4    None
 Sticky Flame             Conj/Fire      #######.     1%          4    None
 Fireball                 Conj/Fire      #######...   1%          5    ###....
 Lightning Bolt           Conj/Air       ######....   1%          5    ###....
 Starburst                Conj/Fire      #######...   1%          6    #####..
 Beastly Appendage        Tmut           ###...       2%          1    None
 Corona                   Hex            ###....      3%          1    None
 Sting                    Tmut/Pois      ###.         3%          1    None
 Frozen Ramparts          Ice            ###...       3%          3    None
 Sticks to Snakes         Tmut           ###.....     4%          2    None
 Blink                    Tloc           N/A          5%          2    None
 Corpse Rot               Necr/Air       N/A          5%          2    None
 Poisonous Vapours        Pois/Air       ###...       5%          2    None
 Slow                     Hex            ###.....     5%          2    None
 Swiftness                Chrm/Air       ###.....     5%          2    None
 Spider Form              Tmut/Pois      ###.......   10%         3    None
 Airstrike                Air            ###.......   10%         4    None
 Olgreb's Toxic Radiance  Pois           ###.....     10%         4    None
 Conjure Ball Lightning   Conj/Air       ######....   10%         6    #####..
 Call Canine Familiar     Summ           ###.....     11%         3    None
 Confusing Touch          Hex            ###.....     11%         3    None
 Gell's Gravitas          Tloc           ###.......   11%         3    None
 Lesser Beckoning         Tloc           ###.......   11%         3    None
 Portal Projectile        Hex/Tloc       ###...       11%         3    None
 Recall                   Summ/Tloc      N/A          11%         3    None
 Summon Guardian Golem    Hex/Summ       ###.....     11%         3    None
 Yara's Violent Unravell  Hex/Tmut       ###.......   22%         5    ###....
 Freezing Cloud           Conj/Ice/Air   #####.....   22%         6    #####..
 Ice Form                 Ice/Tmut       ###.....     30%         4    None
 Animate Dead             Necr           N/A          34%         4    None
 Cause Fear               Hex            ###.......   34%         4    None
 Passage of Golubria      Tloc           N/A          34%         4    None
 Spellforged Servitor     Conj/Summ      ######....   43%         7    ######.
 Blade Hands              Tmut           ###.......   58%         5    ###....
 Aura of Abjuration       Summ           ###.......   69%         5    ###....
 Metabolic Englaciation   Hex/Ice        ###.......   69%         5    ###....
 Silence                  Hex/Air        ###.......   69%         5    ###....
 Summon Mana Viper        Hex/Summ       ###.....     69%         5    ###....
 Ozocubu's Refrigeration  Ice            ###.......   77%         6    #####..
 Chain Lightning          Conj/Air       ######....   97%         8    #######
 Death Channel            Necr           ###.......   99%         6    #####..
 Deflect Missiles         Chrm/Air       ###.......   99%         6    #####..
 Simulacrum               Ice/Necr       ###.......   99%         6    #####..
 Malign Gateway           Summ/Tloc      ###.......   100%        7    ######.
 Discord                  Hex            ###.......   100%        8    #######
 Shatter                  Erth           #######...   86%         9    #######
 Fire Storm               Conj/Fire      #######...   90%         9    #######
 Statue Form              Tmut/Erth      Unusable     N/A         6    N/A

Dungeon Overview and Level Annotations

Branches:
Dungeon (15/15)            Temple (0/1) D:4            Lair (6/6) D:8
  Swamp (4/4) Lair:2        Snake (4/4) Lair:2        Slime (0/5) Lair:5
    Orc (2/2) D:11            Elf (0/3) Orc:2        Vaults (0/5) D:14
 Depths (0/5) D:15        Volcano (visited)         Gauntlet (visited)

Altars:
Ashenzari
Elyvilon
Fedhas
Gozag
Kikubaaqudgha
Makhleb
Nemelex Xobeh
Okawaru
Vehumet
Xom
Yredelemnul
Zin

Shops:
D:7 :   D:12 =!:}   Orc:2 *[:(   Snake:3 =

Annotations:
Swamp:1 2 transporters, Zajic's ghost, adept MiBe


Innate Abilities, Weirdness & Mutations

You are resistant to torment.
Your stone body is resilient. (AC +14)
You are immune to poison.
Your large and strong wings let you fly indefinitely.
You resist negative energy. (rN+)
You are resistant to electric shocks. (rElec)
You can survive without breathing.
You are immune to petrification.
You are immune to rotting.
You have a somewhat thin skeletal structure. (Dex +2, Stealth)
You possess an exceptional clarity of mind.


Message History

The salamander hits you with a +0 spear.
* * * LOW HITPOINT WARNING * * *
You are engulfed in flames!
* * * LOW HITPOINT WARNING * * *
The salamander hits you but does no damage.
The salamander closely misses you.
Unknown command.
Unknown command.
As you read the scroll of teleportation, it crumbles to dust.
You feel strangely stable. The salamander completely misses you.
The naga sharpshooter shoots an arrow.
The arrow hits you but does no damage.
The salamander hits you from afar with a +4 spear.
* * * LOW HITPOINT WARNING * * *
You are engulfed in flames!
* * * LOW HITPOINT WARNING * * *
A naga comes into view. It is wielding a +0 glaive.
The salamander hits you with a +0 trident.
* * * LOW HITPOINT WARNING * * *
You are engulfed in flames!
You die...

.#..#####.# #....# #........
..........# #....# #........
.......)..####....####........
..........................<...
...........^.......)......####
.).############...##)))####
)..# #...)N...))(..# )..#
#...N(N.))()..# ...#
#...)@).))()..# ...#
#.(#...N.#†...# .###
#...()).......# ##
##...)..)[#..## #
###.).§.)..## ### #.).N.....#
..## #....))N.#.NN ...#
NSN...N..N..(). ...#
...N.#N.......N


You could see 3 nagarajas, a naga sharpshooter, 3 salamanders, a naga mage and 2
nagas.

Vanquished Creatures
  the Lernaean hydra (Swamp:4)
  Nikola (Swamp:1)
  Jorgrun (D:13)
  4 liches (D:14)
  2 thorn hunters
  Kirke (D:13)
  7 nagarajas
  The ghost of Biutis the Fighter, a journeyman HONe of Trog (D:14)
  2 orc warlords
  Aizul (Snake:4)
  Louise (Snake:4)
  A minotaur (Gauntlet)
  A fire dragon (Lair:6)
  An ettin (Orc:2)
  Fannar (D:10)
  29 hydras
  6 ghost crabs
  9 naga warriors
  An ogre mage (D:15)
  18 alligators
  2 shambling mangroves
  4 centaur warriors
  3 anacondas
  2 dancing weapons (D:14)
  5 death yaks (Lair:6)
  9 two-headed ogres
  4 orc high priests (Orc:2)
  4 shock serpents
  Urug (Lair:1)
  8 naga sharpshooters
  A salamander mystic (Snake:2)
  3 skeletal warriors (D:14)
  6 spriggan druids
  2 sea snakes (Snake:4)
  A glowing orange brain (D:14)
  15 swamp dragons
  6 naga ritualists
  A wizard (D:15)
  4 orc knights
  6 mana vipers
  A necromancer (D:15)
  A wolf spider (Lair:1)
  An oklob plant (Lair:3)
  10 orc sorcerers
  12 ugly things
  2 deep elf magi
  4 cyclopes
  2 manticores (D:14)
  15 salamanders
  15 elephants
  2 gargoyles
  21 naga magi
  3 guardian serpents
  16 black mambas
  4 apocalypse crabs (Swamp:2)
  19 spiny frogs
  5 centaur skeletons (D:15)
  3 rime drakes (Lair:6)
  9 komodo dragons
  Maggie (D:8)
  An efreet (D:15)
  A yaktaur (D:15)
  A guardian mummy (D:10)
  10 polar bears (Lair:6)
  8 trolls
  15 tyrant leeches
  2 queen bees
  19 bog bodies
  3 raiju (Lair:6)
  8 hornets
  7 dream sheep (Lair:5)
  8 hippogriffs
  11 blink frogs
  2 meliai zombies
  18 slime creatures
  4 shadows
  4 spriggans (Swamp:3)
  12 flying skulls (Gauntlet)
  3 wraiths
  2 vampires
  4 wyverns
  6 basilisks
  A water elemental (D:13)
  42 yaks
  A hog (D:13)
  2 fire bats (Volcano)
  A steam dragon (Lair:6)
  20 vampire mosquitoes
  13 insubstantial wisps
  19 swamp worms
  10 wargs
  42 nagas
  A soldier ant (D:9)
  Edmund (D:6)
  14 water moccasins
  2 acid dragons
  15 hell hounds
  11 porcupines
  36 orc warriors
  2 ice beasts
  16 black bears
  14 swamp drakes
  A phantom (D:7)
  A sky beast (D:8)
  An eye of draining (D:15)
  18 wolves
  3 boggarts (D:14)
  16 centaurs
  12 ogres
  13 crocodiles
  4 big kobolds
  14 bullfrogs
  A gnoll sergeant (D:12)
  A wyvern skeleton (D:14)
  6 scorpions
  55 killer bees
  5 wights
  3 electric eels (D:13)
  A howler monkey (D:5)
  5 crimson imps
  7 centaur zombies
  2 bullfrog zombies
  11 hounds
  4 jellies
  22 orc priests
  2 bullfrog skeletons
  A gnoll shaman (D:5)
  2 iguanas
  40 orc wizards
  10 worker ants
  2 hound skeletons
  A worker ant zombie (D:6)
  14 gnolls
  25 adders
  2 shadow imps (D:5)
  6 oozes
  An adder zombie (D:5)
  An adder skeleton (D:9)
  3 worms
  12 dart slugs
  5 leopard geckos
  129 orcs
  5 bats
  A bat zombie (D:3)
  4 giant cockroaches
  3 goblins
  5 hobgoblins
  7 jackals (D:3)
  5 quokkas
  2 ball pythons
  8 frilled lizards
  2 jackal skeletons (D:5)
  27 kobolds
  A leopard gecko skeleton (D:6)
  3 quokka skeletons
  A quokka zombie (D:5)
  7 rats
  2 rat zombies (D:3)
  A spectral orc (D:2)
  2 briar patches (Swamp:1)
  2 fungi
  3 plants (Lair:6)
1287 creatures vanquished.

Vanquished Creatures (collateral kills)
  A fire giant (D:14)
  A freezing wraith (D:14)
  An ice beast (D:14)
  An orc warrior (Orc:2)
  A crimson imp (D:14)
5 creatures vanquished.

Vanquished Creatures (others)
  A tyrant leech (Swamp:1)
  A quokka (D:14)
  A bush (Lair:1)
  19 fungi
  26 plants
48 creatures vanquished.

Grand Total: 1340 creatures vanquished

Notes
Turn   | Place    | Note
-------+----------+-------------------------------------------
     0 | D:1      | Zir the Gargoyle Earth Elementalist began the quest for the
                  | Orb.
     0 | D:1      | Reached XP level 1. HP: 10/10 MP: 3/3
   663 | D:1      | Reached XP level 2. HP: 15/15 MP: 0/5
  1607 | D:2      | Reached XP level 3. HP: 17/19 MP: 4/6
  1612 | D:2      | Learned a level 3 spell: Stone Arrow
  1629 | D:2      | You fall into a shaft and drop 2 floors!
  1765 | D:3      | Found an ancient bone altar of Kikubaaqudgha.
  1858 | D:3      | Found a glowing silver altar of Zin.
  1925 | D:2      | Reached skill level 1 in Conjurations
  1991 | D:2      | Reached XP level 4. HP: 24/24 MP: 3/8
  2076 | D:2      | Found a basalt altar of Yredelemnul.
  2507 | D:3      | You fall into a shaft and drop 1 floor!
  2866 | D:3      | Found a radiant altar of Vehumet.
  2878 | D:3      | Reached skill level 5 in Earth Magic
  2890 | D:3      | Became a worshipper of Vehumet
  3026 | D:3      | Reached XP level 5. HP: 20/28 MP: 9/9
  3074 | D:3      | Learned a level 5 spell: Lee's Rapid Deconstruction
  3077 | D:3      | Found a shattered altar of Ashenzari.
  3248 | D:3      | Found an iron altar of Okawaru.
  3760 | D:4      | Reached XP level 6. HP: 27/32 MP: 5/11
  3843 | D:4      | Reached * piety under Vehumet
  3843 | D:4      | Offered knowledge of Shock by Vehumet.
  3933 | D:4      | Reached XP level 7. HP: 36/36 MP: 0/13
  4035 | D:4      | Found a staircase to the Ecumenical Temple.
  4756 | D:5      | Entered Level 5 of the Dungeon
  4823 | D:5      | Offered knowledge of Freeze by Vehumet.
  4854 | D:5      | Reached ** piety under Vehumet
  4928 | D:5      | Reached skill level 5 in Spellcasting
  4961 | D:5      | Reached skill level 5 in Conjurations
  4961 | D:5      | Reached XP level 8. HP: 23/41 MP: 8/15
  5141 | D:5      | Noticed a wyvern
  5182 | D:5      | Killed a wyvern
  5662 | D:6      | Found a shimmering altar of Xom.
  5854 | D:6      | Found a burning altar of Makhleb.
  5897 | D:6      | Noticed Edmund
  6015 | D:6      | Killed Edmund
  6015 | D:6      | Reached skill level 1 in Fighting
  6015 | D:6      | Reached skill level 1 in Maces & Flails
  6015 | D:6      | Reached skill level 1 in Armour
  6218 | D:6      | Found an iron altar of Okawaru.
  6330 | D:6      | Reached XP level 9. HP: 48/48 MP: 8/18
  6568 | D:7      | Offered knowledge of Static Discharge by Vehumet.
  6640 | D:7      | Found Noneiffu's Book Shoppe.
  6817 | D:7      | Reached *** piety under Vehumet
  7620 | D:7      | Offered knowledge of Olgreb's Toxic Radiance by Vehumet.
  7630 | D:7      | Learned a level 4 spell: Olgreb's Toxic Radiance
  7732 | D:7      | Found a sparkling altar of Nemelex Xobeh.
  8162 | D:8      | Reached XP level 10. HP: 47/56 MP: 19/19
  8221 | D:8      | Noticed Maggie
  8233 | D:8      | Killed Maggie
  8316 | D:8      | Reached **** piety under Vehumet
  8383 | D:8      | Found an opulent altar of Gozag.
  8399 | D:8      | Offered knowledge of Iskenderun's Mystic Blast by Vehumet.
  8416 | D:8      | Learned a level 5 spell: Borgnjor's Vile Clutch
  8718 | D:8      | Found a staircase to the Lair.
  9626 | D:9      | Reached skill level 1 in Evocations
  9692 | D:10     | Entered Level 10 of the Dungeon
  9849 | D:10     | Reached skill level 5 in Armour
 10068 | D:10     | Reached ***** piety under Vehumet
 10068 | D:10     | Offered knowledge of Orb of Destruction by Vehumet.
 10068 | D:10     | Reached skill level 5 in Fighting
 10070 | D:10     | Reached XP level 11. HP: 36/63 MP: 21/21
 10297 | D:10     | Noticed Fannar
 10309 | D:10     | Killed Fannar
 10309 | D:10     | Reached skill level 10 in Earth Magic
 10433 | D:10     | Found a portal to a secret trove of treasure.
 10477 | D:10     | Learned a level 7 spell: Orb of Destruction
 10485 | Trove    | Entered a treasure trove
 10504 | Trove    | Identified the Guide on Earthen Translocation
 10509 | Trove    | Identified Sif Muna's Disquisition on the Birds
 10524 | Trove    | Identified Sif Muna's Volume of the Hurtful Snowflakes
 10538 | Trove    | Identified Sif Muna's Tome of Attacks
 10568 | Trove    | Identified Heerinum's Papyrus of Summoning
 10876 | D:11     | Found an opulent altar of Gozag.
 11104 | D:11     | Reached skill level 5 in Maces & Flails
 11161 | D:11     | Found a staircase to the Orcish Mines.
 12135 | D:12     | Reached skill level 5 in Dodging
 12597 | D:12     | Found Oreog's Jewellery Boutique.
 12615 | D:12     | Found Pibay's Distillery.
 12619 | D:12     | Bought a potion of ambrosia for 96 gold pieces
 12619 | D:12     | Bought a potion of curing for 36 gold pieces
 12619 | D:12     | Bought a potion of heal wounds for 60 gold pieces
 12627 | D:12     | Found Giohuit's Book Emporium.
 12819 | D:12     | Found Qosh's Gadget Emporium.
 12950 | D:13     | Reached XP level 12. HP: 67/70 MP: 17/24
 13749 | D:13     | Noticed Jorgrun
 13760 | D:13     | Killed Jorgrun
 14020 | D:13     | Noticed Kirke
 14026 | D:13     | Killed Kirke
 14356 | D:14     | Noticed a two-headed ogre
 14394 | D:14     | Killed a two-headed ogre
 14396 | D:14     | Noticed a centaur warrior
 14413 | D:14     | Killed a centaur warrior
 14413 | D:14     | Reached XP level 13. HP: 31/77 MP: 4/25
 14414 | D:14     | Reached skill level 10 in Conjurations
 14414 | D:14     | Reached skill level 5 in Evocations
 15124 | D:14     | Found a runed translucent gate.
 15125 | D:14     | Found a runed translucent gate.
 15126 | D:14     | Found a runed translucent gate.
 15127 | D:14     | Found an ancient bone altar of Kikubaaqudgha.
 15127 | D:14     | Noticed a lich
 15128 | D:14     | Noticed a lich
 15128 | D:14     | Noticed Biutis's ghost (journeyman HONe)
 15128 | D:14     | Noticed a lich
 15128 | D:14     | Noticed a lich
 15260 | D:14     | Found a gate to the Vaults.
 15419 | D:14     | Found a white marble altar of Elyvilon.
 15552 | D:14     | Noticed a fire giant
 15854 | D:14     | Found the +7 pair of quick blades "Gyre" and "Gimble"
                  | {protect}
 16070 | Lair:1   | Entered Level 1 of the Lair of Beasts
 16184 | Lair:1   | Learned a level 5 spell: Bolt of Magma
 16251 | Lair:1   | Noticed Urug
 16270 | Lair:1   | Killed Urug
 16408 | Lair:1   | Reached skill level 1 in Fire Magic
 16905 | Lair:1   | Reached skill level 2 in Fire Magic
 17013 | Lair:1   | Reached skill level 1 in Short Blades
 17179 | Lair:2   | Found a gate leading to a gauntlet.
 17184 | Gauntlet | Entered a Gauntlet
 17184 | Gauntlet | Found a transporter.
 17194 | Gauntlet | Found a transporter.
 17202 | Gauntlet | Found a transporter.
 17204 | Gauntlet | Found a transporter.
 17214 | Gauntlet | Found a transporter.
 17230 | Gauntlet | Found a transporter.
 17240 | Gauntlet | Found a transporter.
 17250 | Gauntlet | Found a transporter.
 17262 | Gauntlet | Found a transporter.
 17276 | Gauntlet | Found a transporter.
 17291 | Gauntlet | Found a transporter.
 17297 | Gauntlet | Found a transporter.
 17298 | Gauntlet | Found a transporter.
 17340 | Gauntlet | Found a transporter.
 17340 | Gauntlet | Found a runed translucent door.
 17560 | Gauntlet | Gained mutation: Your large and strong wings let you fly
                  | indefinitely. [Gargoyle growth]
 17560 | Gauntlet | Reached XP level 14. HP: 77/84 MP: 19/27
 17623 | Gauntlet | Got a pitted helmet
 17629 | Gauntlet | Identified the +1 helmet of Satisfaction {+Inv Int+2
                  | Stlth-} (You found it in a Gauntlet)
 17658 | Gauntlet | Identified the +11 broad axe of Befonidu {speed, rPois
                  | Str+3 Int-5}
 17658 | Gauntlet | Identified the ring of Leaves {rPois AC+5 Dex+3 Slay+2}
 17681 | Gauntlet | Reached skill level 5 in Short Blades
 17707 | Gauntlet | Identified the Incunabulum of Blistering Lightness
 17712 | Gauntlet | Got an emerald-encrusted leather armour
 17714 | Gauntlet | Identified the +1 leather armour of Intuition {Str+3} (You
                  | found it in a Gauntlet)
 17718 | Gauntlet | Identified the cursed +0 helmet of Muttered Phrases {rF+}
                  | (You found it in a Gauntlet)
 17862 | Lair:2   | Found a staircase to the Snake Pit.
 18414 | Lair:2   | Found a staircase to the Swamp.
 18748 | Lair:3   | You are sucked into a shaft and drop 1 floor!
 18904 | Lair:3   | Found a dark tunnel.
 18907 | Volcano  | Entered a volcano
 19796 | Lair:3   | Reached skill level 3 in Fire Magic
 19814 | Lair:3   | Offered knowledge of Irradiate by Vehumet.
 20522 | Lair:3   | Got a steaming iron amulet
 20535 | Lair:3   | Identified the amulet of Brawling {*Corrode +Fly rPois
                  | Regen+ Str+7} (You found it on level 3 of the Lair of
                  | Beasts)
 20857 | Lair:4   | Learned a level 6 spell: Iron Shot
 21085 | Lair:4   | You are sucked into a shaft and drop 2 floors!
 21085 | Lair:6   | Entered Level 6 of the Lair of Beasts
 21091 | Lair:6   | Reached skill level 4 in Fire Magic
 21704 | Lair:5   | Reached XP level 15. HP: 90/90 MP: 28/28
 21826 | Lair:5   | Found a staircase to the Slime Pits.
 22159 | Lair:6   | Gained mutation: You have a somewhat thin skeletal
                  | structure. (Dex +2, Stealth) [potion of mutation]
 22159 | Lair:6   | Gained mutation: You possess an exceptional clarity of
                  | mind. [potion of mutation]
 22220 | Lair:6   | Reached skill level 5 in Fire Magic
 22542 | Lair:6   | Reached skill level 10 in Spellcasting
 22702 | Lair:6   | Offered knowledge of Iskenderun's Battlesphere by Vehumet.
 22853 | Lair:6   | Reached skill level 6 in Fire Magic
 23747 | Orc:1    | Entered Level 1 of the Orcish Mines
 23821 | D:12     | Bought the ring of Robustness {AC+8} for 1536 gold pieces
 23821 | D:12     | Found the ring of Robustness {AC+8}
 23918 | Orc:1    | Noticed an orc warlord
 23928 | Orc:1    | Reached ****** piety under Vehumet
 23930 | Orc:1    | Killed an orc warlord
 23930 | Orc:1    | Reached skill level 7 in Fire Magic
 24228 | Orc:2    | Entered Level 2 of the Orcish Mines
 24230 | Orc:2    | Reached skill level 10 in Fighting
 24366 | Orc:2    | Found a staircase to the Elven Halls.
 24551 | Orc:2    | Offered knowledge of Iskenderun's Battlesphere by Vehumet.
 24921 | Orc:2    | Noticed an orc warlord
 24950 | Orc:2    | Killed an orc warlord
 24950 | Orc:2    | Reached XP level 16. HP: 70/97 MP: 11/30
 25556 | Orc:2    | Found Judupt's General Store.
 25557 | Orc:2    | Found Doagos's Book Shop.
 25558 | Orc:2    | Found Bablihoy's Antique Armour Shop.
 25558 | Orc:2    | Found Woohul's Antique Weapon Boutique.
 25587 | Orc:2    | Bought a pair of runed boots for 165 gold pieces
 26011 | D:14     | Reached skill level 8 in Fire Magic
 26075 | D:14     | Killed a lich
 26078 | D:14     | Killed a lich
 26080 | D:14     | Killed a lich
 26081 | D:14     | Killed a lich
 26084 | D:14     | Killed Biutis's ghost
 26170 | D:14     | Got a coiled ruby amulet
 26171 | D:14     | Identified the amulet "Mookkinn" {Spirit MR+} (You found it
                  | on level 14 of the Dungeon)
 26179 | D:14     | Identified the +1 cloak of Impermeability {Str+2 Stlth+}
                  | (You found it on level 14 of the Dungeon)
 26224 | D:15     | Entered Level 15 of the Dungeon
 26583 | D:15     | Offered knowledge of Lehudib's Crystal Spear by Vehumet.
 26583 | D:15     | Offered knowledge of Tornado by Vehumet.
 26583 | D:15     | Offered knowledge of Absolute Zero by Vehumet.
 26750 | D:15     | Reached skill level 9 in Fire Magic
 26767 | D:15     | Paralysed by an orc sorcerer for 4 turns
 26777 | D:15     | Reached skill level 10 in Maces & Flails
 26812 | D:15     | Paralysed by an orc sorcerer for 3 turns
 26830 | D:15     | Found a staircase to the Depths.
 26851 | D:15     | Found a blossoming altar of Fedhas.
 27567 | Swamp:1  | Entered Level 1 of the Swamp
 27578 | Swamp:1  | Noticed Nikola
 27610 | Swamp:1  | Killed Nikola
 27610 | Swamp:1  | Reached XP level 17. HP: 70/104 MP: 29/31
 27689 | Swamp:1  | Found a transporter.
 28132 | Swamp:1  | Reached skill level 10 in Fire Magic
 28292 | Swamp:1  | Found a transporter.
 28293 | Swamp:1  | Noticed Zajic's ghost (adept MiBe)
 29341 | Swamp:2  | Found a runed translucent door.
 29947 | Swamp:2  | Paralysed by you for 5 turns
 29997 | Swamp:2  | Got a slimy short sword
 29998 | Swamp:2  | Identified the +4 short sword of the Land of Plenty {holy,
                  | rF+ rC+} (You found it on level 2 of the Swamp)
 30433 | Swamp:3  | Reached skill level 11 in Fire Magic
 30848 | Swamp:3  | Reached XP level 18. HP: 110/110 MP: 33/33
 31135 | Swamp:4  | Entered Level 4 of the Swamp
 31235 | Swamp:4  | Reached skill level 12 in Fire Magic
 31479 | Swamp:4  | Reached skill level 13 in Fire Magic
 31518 | Swamp:4  | Learned a level 8 spell: Ignition
 31710 | Swamp:4  | Noticed the 27-headed Lernaean hydra
 31714 | Swamp:4  | Killed the 27-headed Lernaean hydra
 31734 | Swamp:4  | Got a decaying rune of Zot
 32272 | Snake:1  | Entered Level 1 of the Snake Pit
 33341 | Snake:2  | Reached skill level 14 in Fire Magic
 34417 | Snake:3  | Found Coisisch's Jewellery Shoppe.
 34426 | Snake:3  | Reached skill level 15 in Fire Magic
 34691 | Snake:4  | Entered Level 4 of the Snake Pit
 34758 | Snake:4  | Reached XP level 19. HP: 103/116 MP: 34/34
 34957 | Snake:4  | Noticed Louise
 34975 | Snake:4  | Killed Louise
 35358 | Snake:4  | Noticed Aizul
 35366 | Snake:4  | Killed Aizul
 35480 | Snake:4  | HP: 4/116 [salamander/+4 spear (8)]
 35480 | Snake:4  | Mangled by a salamander

Levels and vault maps discovered:
D:1:      dpeg_arrival_rooms_a, layout_loops_ring, serial_bayou_lake_a
D:2:      layout_rooms, yredelemnul_forgotten_temple_becter
D:3:      layout_loops_ring, old_standard_altar, old_standard_altar,
          overflow_temple_1_default, lemuel_zombie_altar_kikubaaqudgha,
          first_ration, okawaru_altar_gauntlet_db
D:4:      kennysheep_slugbush, layout_loops_corners,
          minmay_temple_entry_mini_moons
D:5:      black_bear_nest_2, layout_rooms
D:6:      layout_basic, overflow_temple_1_default, basic_altar,
          kennysheep_pointless_box, makhleb_heckhound_becter, uniq_edmund
D:7:      layout_rooms, nemelex_altar_shiori, serial_shops, shop_statue
D:8:      layout_basic, grunt_lair_entry_orc_guard_hut, minmay_ruined_shrine,
          uniq_maggie
D:9:      layout_basic, hangedman_pestilent_swarm
D:10:     layout_loops_corners, nicolae_trove_entry_path_of_doom,
          chequers_serial_rivers_small_b, uniq_fannar
D:11:     layout_basic, orc_0_dummy, grunt_gozag_breadcrumbs
D:12:     layout_loops_ring, serial_shops, kennysheep_mini_moat,
          nicolae_shop_crystal, nicolae_shop_competitors_out_of_business, shop
D:13:     layout_basic, uniq_jorgrun, uniq_kirke
D:14:     layout_rooms, erik_vaults_1, gammafunk_ghost_crypt, elyvilon_altar_4,
          minmay_evil_grid
D:15:     grunt_enter_depths_magical_seal, layout_irregular_city,
          fedhas_altar_fruit_tree
Lair:1:   minmay_lair_venomous_thicket, layout_cave_pods, minivault_23,
          uniq_urug
Lair:2:   layout_regular_city, palyth_hydra_swamp_entry, dummy_snake_entry,
          gauntlet_entry_generic, beast_lair_carwin_6
Lair:3:   layout_roguey [special_room_bee], enter_volcano_3, worms_lemuel
Lair:4:   layout_regular_city, beast_lair_carwin_3
Lair:5:   layout_regular_city, nicolae_slime_entry_slimehenge
Lair:6:   guppyfry_lair_end_dragon, layout_loops_ring,
          hangedman_lair_caniforms_friends, serial_bayou_pond_e
Swamp:1:  layout_falls_marsh, gammafunk_ghost_arena,
          evilmike_swamp_ruin_house_3, infiniplex_staircase_pool, uniq_nikola
Swamp:2:  gammafunk_mikee_crab_dinner, layout_basic_swamp, wheals_swamp_sinkhole
Swamp:3:  layout_basic_swamp, evilmike_swamp_ruin_house_2
Swamp:4:  grunt_swamp_rune_castle, layout_basic_swamp, swamp_pool5
Snake:1:  layout_grid_maze, special_room
Snake:2:  layout_honeycomb
Snake:3:  layout_cave_shapes, serial_shops, nicolae_shop_statue_plus,
          grunt_ministairs_6, serial_bayou_shore_b
Snake:4:  snake_pit, layout_rooms, chequers_hall_statues_corner_a,
          minmay_snake_pond, uniq_aizul, uniq_louise
Orc:1:    layout_diamond_mine
Orc:2:    st_orc_congregation, layout_caves, guppyfry_library_mini

Skill      XL: |  1  2  3  4  5  6  7  8  9 10 11 12 13 14 15 16 17 18 19 |
---------------+----------------------------------------------------------+-----
Earth Magic    | 4 5 6 7 8 9 10 11 12 13 14 | 14.9
Conjurations   | 1 2 3 5 6 7 8 9 10 11 12 13 | 13.3
Spellcasting   | 3 4 5 6 7 8 9 10 11 | 11.8
Fighting       | 1 3 5 6 7 8 9 10 11 12 | 12.1
Maces & Flails | 1 3 4 5 7 8 9 10 11 | 11.3
Armour         | 1 3 5 6 |  6.0
Dodging        | 2 3 4 5 6 7 8 9 |  9.9
Evocations     | 1 3 4 5 6 |  6.0
Fire Magic     | 2 4 7 9 11 15 | 15.5
Short Blades   | 3 8 |  8.0
Stealth        | |  2.1
Transmutations | |  0.7

Action                   |  1- 3 |  4- 6 |  7- 9 | 10-12 | 13-15 | 16-18 | 19-21 || total
-------------------------+-------+-------+-------+-------+-------+-------+-------++-------
Melee: Club              |    17 |       |       |       |       |       |       ||    17
       Unarmed           |     4 |       |       |       |       |       |       ||     4
       Short sword       |    44 |   106 |       |       |       |       |       ||   150
       Whip              |       |   135 |   188 |       |       |       |       ||   323
       Quarterstaff      |       |       |   137 |   485 |    24 |       |       ||   646
       Pair of quick bla |       |       |       |       |  1323 |  1587 |   186 ||  3096
Throw: Boomerang         |       |       |       |       |     2 |       |       ||     2
 Cast: Sandblast         |    42 |    31 |    74 |    68 |    15 |     8 |       ||   238
       Stone Arrow       |       |     3 |     9 |    36 |    43 |       |       ||    91
       Lee's Rapid Decon |       |     1 |    12 |    55 |    72 |    37 |       ||   177
       Olgreb's Toxic Ra |       |       |     1 |       |       |       |       ||     1
       Borgnjor's Vile C |       |       |       |     3 |     1 |     1 |       ||     5
       Orb of Destructio |       |       |       |       |     2 |     3 |       ||     5
       Bolt of Magma     |       |       |       |       |     9 |     2 |       ||    11
       Iron Shot         |       |       |       |       |     6 |    68 |     5 ||    79
       Ignition          |       |       |       |       |       |     6 |     7 ||    13
 Abil: Evoke Invisibilit |       |       |       |       |     1 |     1 |       ||     2
       Fly               |       |       |       |       |     1 |       |       ||     1
Evoke: Wand              |       |     8 |       |    27 |     3 |       |       ||    38
       Box of beasts     |       |       |       |     1 |     4 |     1 |       ||     6
       Phial of floods   |       |       |       |       |     1 |       |       ||     1
       Phantom mirror    |       |       |       |       |     1 |       |       ||     1
  Use: Scroll            |     4 |     3 |    11 |     9 |    16 |    13 |     1 ||    57
       Potion            |     1 |       |     1 |     1 |     6 |     1 |     1 ||    11
 Stab: Distracted        |     1 |       |       |       |       |     2 |       ||     3
       Sleeping          |     3 |     4 |     2 |     5 |     1 |     8 |       ||    23
       Paralysed         |       |       |       |       |    15 |       |       ||    15
       Invisible         |       |       |       |       |    18 |     6 |       ||    24
  Eat: Chunk             |     4 |     7 |    19 |    27 |    24 |    31 |     5 ||   117
       Ration            |       |       |       |     2 |     8 |     8 |     2 ||    20
Armor: Robe              |    38 |   107 |   162 |     4 |    11 |       |       ||   322
       Steam dragon scal |       |       |       |   315 |   426 |   491 |    73 ||  1305
Dodge: Dodged            |    67 |   144 |   253 |   401 |   721 |   722 |   125 ||  2433

Table legend:
 A = Non-vault XP
 B = Vault XP
 C = Vault XP percentage of total XP
 D = Non-vault monster count
 E = Vault monster count
 F = Vault count percentage of total count
                 A         B        C        D         E       F
            +---------+---------+-------+---------+---------+-------
      Total |  217152 |  140009 |  39.2 |     887 |     399 |  31.0
            +---------+---------+-------+---------+---------+-------
        D:1 |      18 |       0 |   0.0 |      10 |       0 |   0.0
        D:2 |      61 |       1 |   1.6 |      19 |       1 |   5.0
        D:3 |      92 |      26 |  22.0 |      39 |       9 |  18.8
        D:4 |     593 |      36 |   5.7 |      32 |       9 |  22.0
        D:5 |     800 |     131 |  14.1 |      27 |       1 |   3.6
        D:6 |     542 |     200 |  27.0 |      16 |       2 |  11.1
        D:7 |    1360 |       0 |   0.0 |      34 |       0 |   0.0
        D:8 |    1415 |    1374 |  49.3 |      27 |      11 |  28.9
        D:9 |    1400 |     463 |  24.9 |      24 |       4 |  14.3
       D:10 |    2087 |    1310 |  38.6 |      21 |       2 |   8.7
       D:11 |    1732 |       0 |   0.0 |      18 |       0 |   0.0
       D:12 |    4592 |       0 |   0.0 |      42 |       0 |   0.0
       D:13 |    6808 |    5384 |  44.2 |      60 |       3 |   4.8
       D:14 |    9877 |   20886 |  67.9 |      32 |      16 |  33.3
       D:15 |   19809 |    4087 |  17.1 |      41 |       8 |  16.3
     Lair:1 |    5331 |    2641 |  33.1 |      23 |      15 |  39.5
     Lair:2 |    3095 |    2939 |  48.7 |      17 |      11 |  39.3
     Lair:3 |    8522 |    3044 |  26.3 |      22 |      32 |  59.3
     Lair:4 |    3240 |     589 |  15.4 |      13 |       3 |  18.8
     Lair:5 |    2929 |      77 |   2.6 |      12 |       6 |  33.3
     Lair:6 |   15667 |   14343 |  47.8 |      39 |      69 |  63.9
    Swamp:1 |   24712 |    4295 |  14.8 |      56 |       1 |   1.8
    Swamp:2 |   18129 |    8806 |  32.7 |      36 |      12 |  25.0
    Swamp:3 |   12916 |       0 |   0.0 |      34 |       0 |   0.0
    Swamp:4 |   11433 |   21806 |  65.6 |      27 |      36 |  57.1
    Snake:1 |    2376 |       0 |   0.0 |       8 |       0 |   0.0
    Snake:2 |    9245 |       0 |   0.0 |      17 |       0 |   0.0
    Snake:3 |   16647 |    2546 |  13.3 |      27 |       6 |  18.2
    Snake:4 |   21973 |   24481 |  52.7 |      47 |      39 |  45.3
      Orc:1 |    6172 |       0 |   0.0 |      29 |       0 |   0.0
      Orc:2 |    3579 |   11831 |  76.8 |      38 |      75 |  66.4
    Volcano |       0 |    3845 | 100.0 |       0 |       8 | 100.0
   Gauntlet |       0 |    4868 | 100.0 |       0 |      20 | 100.0
            +---------+---------+-------+---------+---------+-------
